 Dungeon Crawl Stone Soup version 0.29-a0-824-gd827844252 (webtiles) character file.

Game seed: 2625783457709441601

1006 HoaS the Skirmisher (level 8, -5/44 HPs)
             Began as a Tengu Hunter on July 10, 2022.
             Shot with an arrow by a centaur (11 damage)
             ... on level 5 of the Dungeon.
             The game lasted 00:06:45 (5206 turns).

HoaS the Skirmisher (Tengu Hunter)                  Turns: 5206, Time: 00:06:46

Health: -5/44      AC:  5    Str: 12    XL:     8   Next: 20%
Magic:  9/9        EV: 14    Int: 10    God:
Gold:   177        SH:  0    Dex: 19    Spells: 7/7 levels left

rFire   . . .      SeeInvis .   a - +4 shortbow
rCold   . . .      Faith    .   (shield currently unavailable)
rNeg    . . .      Spirit   .   c - +1 leather armour
rPois   .          Reflect  .   (helmet restricted)
rElec   .          Harm     .   (no cloak)
rCorr   .          Rampage  .   f - +0 pair of gloves
Will    .....                   (boots unavailable)
Stlth   ++........              (no amulet)
HPRegen 0.14/turn               d - +4 ring of slaying
MPRegen 0.11/turn               (no ring)

@: flying quickly and evasively, quick
A: beak, talons 3, nimble flight
a: no special abilities


You were on level 5 of the Dungeon.
You visited 1 branch of the dungeon, and saw 5 of its levels.

You collected 177 gold pieces.

Inventory:

Hand Weapons
 a - a +4 shortbow (weapon)
Armour
 c - a +1 leather armour (worn)
 f - a +0 pair of gloves (worn)
Jewellery
 d - a +4 ring of slaying (left hand)
Wands
 h - a wand of mindburst (15)
 k - a wand of roots (15)
Scrolls
 b - a scroll of immolation
 i - a scroll of blinking
 m - 2 scrolls of teleportation
Potions
 g - a potion of heal wounds {unknown}
 j - 2 potions of resistance
 l - 2 potions of mutation
 n - a potion of attraction {unknown}
 o - a potion of brilliance {unknown}
 p - a potion of invisibility {unknown}


   Skills:
 - Level 2.0 Fighting
 * Level 11.0 Ranged Weapons
 - Level 2.1 Dodging
 - Level 1.0 Stealth


You had 7 spell levels left.
You didn't know any spells.
Your spell library contained the following spells:

 Spells                   Type           Power      Damage    Failure   Level
 Sublimation of Blood     Necr           0%         N/A       58%         2
 Vampiric Draining        Necr           0%         2d6       82%         3
 Corpse Rot               Necr/Pois/Air  0%         N/A       99%         4
 Death Channel            Necr           0%         N/A       100%        6
 Borgnjor's Revivificati  Necr           0%         N/A       100%        8
 Necromutation            Tmut/Necr      0%         N/A       100%        8
 Death's Door             Necr           0%         N/A       100%        9


Dungeon Overview and Level Annotations

Branches:
Dungeon (5/15)
 Temple: D:4-7

Altars:
Ashenzari
Gozag
Nemelex Xobeh
Ru

Shops:
D:3 (   D:4 !


Innate Abilities, Weirdness & Mutations

You have a beak for a mouth.
You have claws for feet.
Your magical nature lets you fly swiftly and evasively.


Message History

k - a wand of roots (15) (gained 4 charges)
Items here: ))) [ ††.
You start resting.
HP restored.
Okay, then.
p - a fizzy golden potion A jelly comes into view.
The jelly quivers.
A jelly is nearby!
You shoot an arrow. The arrow hits the jelly!
The jelly is almost dead.
You shoot an arrow. The arrow hits the jelly!!
You kill the jelly!
No target in view!
Found a stone staircase leading down.
There is a stone staircase leading down here.
A centaur comes into view.
A centaur is nearby!
A centaur is nearby!
A centaur is nearby!
You shoot an arrow. The arrow hits the centaur!
The centaur shouts!
The centaur is heavily wounded.
The centaur wields a +2 shortbow of freezing.
It is covered in frost.
The centaur shoots an arrow.
The arrow hits you. The arrow freezes you.
The centaur shoots an arrow.
The arrow hits you! The arrow freezes you.
You are too injured to fight recklessly!
You are too injured to fight recklessly!
You are too injured to fight recklessly!
The centaur shoots an arrow.
The arrow hits you!
* * * LOW HITPOINT WARNING * * *
The arrow freezes you.
* * * LOW HITPOINT WARNING * * *
You feel better.
The centaur shoots an arrow.
The arrow hits you!
* * * LOW HITPOINT WARNING * * *
The arrow freezes you.
* * * LOW HITPOINT WARNING * * *
The centaur shoots an arrow.
The arrow hits you!
You die...

#. #.# ######.####. #.
#.########......
.##.##........###.
..#.##..........#.
#.#.##......#.#.#.
#.#.##............
#.#.##....).###.##
#######..>..............
.......@#.##......###.##
........#.##......# #...
........#.######### ####
.......c#.# ...........
........... ########...
..


You could see a centaur.

Vanquished Creatures
  Menkaure (D:5)
  A water moccasin (D:5)
  A black bear (D:4)
  2 scorpions (D:5)
  5 wights (D:5)
  A jelly (D:5)
  Ijyb (D:5)
  2 iguanas
  An orc wizard (D:3)
  6 gnolls
  5 adders
  A worm (D:4)
  4 dart slugs
  5 orcs (D:3)
  4 ball pythons
  4 endoplasms
  4 giant cockroaches
  9 goblins
  9 hobgoblins
  10 jackals
  5 kobolds
  4 quokkas
  4 bats
  7 frilled lizards
  A rat (D:1)
97 creatures vanquished.

Vanquished Creatures (others)
  6 demonic plants (D:1)
  A plant (D:1)
7 creatures vanquished.

Grand Total: 104 creatures vanquished

Notes
Turn   | Place    | Note
-------+----------+-------------------------------------------
     0 | D:1      | HoaS the Tengu Hunter began the quest for the Orb.
     0 | D:1      | Reached XP level 1. HP: 12/12 MP: 2/2
   174 | D:1      | Reached XP level 2. HP: 17/17 MP: 3/3
   228 | D:1      | Reached skill level 5 in Ranged Weapons
   675 | D:1      | Found a faded altar of an unknown god.
   734 | D:1      | Reached XP level 3. HP: 12/21 MP: 4/4
  1386 | D:2      | Reached skill level 6 in Ranged Weapons
  1386 | D:2      | Reached XP level 4. HP: 22/26 MP: 5/5
  1554 | D:2      | Identified the +0 ring mail of the Red Skies {rPois Str+6
                  | Dex-5 SInv}
  2232 | D:3      | Gained mutation: Your magical nature lets you fly swiftly
                  | and evasively. [Tengu growth]
  2232 | D:3      | Reached XP level 5. HP: 30/30 MP: 6/6
  2291 | D:3      | Found Nefenuti's Antique Weapon Boutique.
  2315 | D:3      | Found a broken altar of Ashenzari.
  2350 | D:3      | Reached skill level 7 in Ranged Weapons
  3011 | D:3      | Found an opulent altar of Gozag.
  3615 | D:4      | Noticed a black bear
  3618 | D:4      | Killed a black bear
  3619 | D:4      | Reached skill level 8 in Ranged Weapons
  3619 | D:4      | Reached XP level 6. HP: 35/35 MP: 7/7
  3700 | D:4      | Found a sparkling altar of Nemelex Xobeh.
  3859 | D:4      | Found Qoobeanoy's Distillery.
  3998 | D:5      | Entered Level 5 of the Dungeon
  4024 | D:5      | Noticed Menkaure
  4028 | D:5      | Killed Menkaure
  4029 | D:5      | Reached XP level 7. HP: 40/40 MP: 8/8
  4056 | D:5      | Reached skill level 9 in Ranged Weapons
  4086 | D:5      | Reached skill level 10 in Ranged Weapons
  4395 | D:5      | Got the Secrets of Evil
  4541 | D:5      | Reached XP level 8. HP: 38/44 MP: 9/9
  4679 | D:5      | Identified the +1 chain mail of the Cockatrice {rF+}
  4708 | D:5      | Found a sacrificial altar of Ru.
  4825 | D:5      | Noticed Ijyb
  4845 | D:5      | Killed Ijyb
  4846 | D:5      | Reached skill level 11 in Ranged Weapons
  5206 | D:5      | Shot with an arrow by a centaur

Illustrated notes

Levels and vault maps discovered:
D:1:      dpeg_arrival_central, layout_loops_corners,
          shapermc_ecumenical_altar_gd
D:2:      layout_loops_ring
D:3:      layout_basic, mainiacjoe_overflow_paths,
          lemuel_coloured_pillars_altar, serial_shops, shop, due_unseen_surprise
D:4:      black_bear_nest_1, layout_basic, lemuel_tele_altar, serial_shops,
          kennysheep_mini
D:5:      layout_basic, kennysheep_mini_moat, uniq_menkaure, uniq_ijyb

Skill      XL: |  1  2  3  4  5  6  7  8 |
---------------+-------------------------+-----
Ranged Weapons | 5 6 8 10 11 | 11.0
Fighting       | |  2.0
Dodging        | |  2.1
Stealth        | |  1.0

Action                   |  1- 3 |  4- 6 |  7- 9 || total
-------------------------+-------+-------+-------++-------
Melee: Shortbow          |     1 |       |       ||     1
       Kick              |     1 |       |       ||     1
       Unarmed           |       |       |    23 ||    23
       Punch             |       |       |     1 ||     1
 Fire: Shortbow          |    75 |    94 |    38 ||   207
  Use: Scroll            |     4 |    12 |     1 ||    17
       Potion            |       |       |     2 ||     2
Armor: Leather armour    |     9 |     3 |     2 ||    14
       Skin              |       |       |    16 ||    16
Dodge: Dodged            |    16 |     6 |     8 ||    30

Table legend: (Time is in decaauts)
 A = Elapsed time spent in this place.
 B = Non-inter-level travel time spent in this place.
 C = Inter-level travel time spent in this place.
 D = Time resting spent in this place.
 E = Time spent auto-exploring this place.
 F = Levels seen in this place.
 G = Mean time per level.
                   A        B        C        D        E       F      G
               +--------+--------+--------+--------+--------+-----+--------+
         Total |   5025 |   4839 |    186 |   1016 |   3332 |   5 | 1005.0 |
       Dungeon |   5025 |   4839 |    186 |   1016 |   3332 |   5 | 1005.0 |
               +--------+--------+--------+--------+--------+-----+--------+

Top non-repeatable levels by time:
     D:1: 1257 daAuts
     D:5: 1155 daAuts
     D:2: 984 daAuts
     D:4: 834 daAuts
     D:3: 792 daAuts
